 Dungeon Crawl Stone Soup version 0.31-a0-640-g39d97e502b (webtiles) character file.

Game seed: 5510676115827899424

1231 qw the Skirmisher (level 8, -1/50 HPs)
             Began as a Gargoyle Hunter on Aug 27, 2023.
             Slain by a gargoyle
             ... wielding a +0 mace
              (16 damage)
             ... on level 6 of the Dungeon.
             The game lasted 00:01:58 (4117 turns).

qw the Skirmisher (Gargoyle Hunter)                 Turns: 4117, Time: 00:01:58

Health: -1/50      AC: 17    Str: 15    XL:     8   Next: 48%
Magic:  8/8        EV: 11    Int: 10    God:
Gold:   212        SH:  0    Dex: 15    Spells: 7/7 levels left

rFire   . . .        Y - +0 shortbow (flame)
rCold   . . .        (shield currently unavailable)
rNeg    + . .        d - +0 ring mail
rPois   inf          k - +2 helmet
rElec   +            (no cloak)
rCorr   +            (no gloves)
SInv    .            o - +2 pair of boots
Will    +....        h - amulet of regeneration
Stlth   +            c - ring of willpower
HPRegen 1.08/turn    a - ring "Voinocri" {rCorr Slay+4}
MPRegen 0.11/turn

%: no passive effects
@: no status effects
A: sickness immunity, AC +5, negative energy resistance 1, electricity
resistance, torment resistance 1, petrification resistance
a: no special abilities


You were on level 6 of the Dungeon.
You visited 2 branches of the dungeon, and saw 7 of its levels.
You also visited: Sewer.

You collected 259 gold pieces.
You spent 47 gold pieces at shops.


Innate Abilities, Weirdness & Mutations

You are immune to sickness and miasma.
Your stone body is resilient. (AC +5)
You are immune to poison.
You resist negative energy. (rN+)
You are resistant to electric shocks. (rElec)
You are resistant to unholy torment.
You are immune to petrification.


   Skills:
 + Level 5.5 Fighting
 - Level 9.0 Ranged Weapons
 - Level 2.0 Armour
 - Level 2.7 Dodging
 - Level 1.1 Stealth


You had 7 spell levels left.
You didn't know any spells.
Your spell library was empty.

Inventory:

Hand Weapons
 Y - a +0 shortbow of flaming (weapon)
Armour
 d - a +0 ring mail (worn)
 k - a +2 helmet (worn)
 o - a +2 pair of boots (worn)
Jewellery
 a - the ring "Voinocri" (right hand) {rCorr Slay+4}
   (You found it in a sewer)

   [ring of slaying]

   Slay+4:    It affects your accuracy & damage with ranged weapons and melee
   (+4).
   rCorr:     It protects you from acid and corrosion.
 c - a ring of willpower (left hand)
 h - an amulet of regeneration (around neck)
 m - a ring of positive energy
Wands
 l - a wand of digging (4)
Scrolls
 b - 5 scrolls of teleportation
 j - a scroll of identify
Potions
 e - a potion of heal wounds
 f - a potion of ambrosia {unknown}
 g - 2 potions of might
 n - a potion of attraction {unknown}
 q - a potion of mutation {unknown}

Dungeon Overview and Level Annotations

Branches:
Dungeon (6/15)             Temple (1/1) D:4           Sewer (visited)

Altars:
Cheibriados
Dithmenos
Elyvilon
Fedhas
Gozag
Hepliaklqana
Kikubaaqudgha
Makhleb
Nemelex Xobeh
Qazlal
Ru
Trog
Uskayaw
Wu Jian
Zin
The Shining One

Shops:
D:5 *

Annotations:
D:3 1 runed translucent door, Crazy Yiuf


Message History

4103 ||| RETREATING.
You shoot an arrow.
The arrow hits the yak but does no damage.
You shoot an arrow. The arrow hits the yak.
The arrow burns the yak.
The yak is lightly wounded.
The yak barely misses you.
4106 ||| Stepping ~*~*~tactically~*~*~ (retreating).
4107 ||| Stepping ~*~*~tactically~*~*~ (retreating).
You shoot an arrow. The arrow hits the yak!
The arrow burns the yak.
The yak is heavily wounded.
The yak gores you but does no damage.
You shoot an arrow. The arrow hits the yak.
The arrow burns the yak.
The yak is heavily wounded.
The yak gores you.
You shoot an arrow. The arrow hits the yak!
The arrow burns the yak.
The yak is severely wounded.
The yak barely misses you.
You shoot an arrow. The arrow hits the yak.
The arrow burns the yak.
The yak is almost dead.
The yak misses you.
You shoot an arrow. The arrow hits the yak.
The arrow burns the yak.
You kill the yak!
Your Ranged Weapons skill increases to level 9!
You shoot an arrow. The arrow hits the white imp!
The arrow burns the white imp.
You kill the white imp!
You shoot an arrow.
The arrow hits the gargoyle but does no damage.
The gargoyle hits you with a +0 mace!
You shoot an arrow.
The arrow hits the gargoyle but does no damage.
The gargoyle hurls a stone arrow at you.
The stone arrow misses you.
You shoot an arrow.
The arrow completely misses the gargoyle.
The gargoyle hurls a stone arrow at you.
The stone arrow hits you!!
You shoot an arrow.
The arrow hits the gargoyle but does no damage.
The gargoyle hits you with a +0 mace!
You die...

####..#...#..
....#..#....###
.............
########.##.....#
..........9..<#
#.###...#####
#...#........#
###9#.#####..#
#@#.....##.#
#..........
#######.... ...
##


You could see a gargoyle.

Vanquished Creatures
  Grinder (D:3)
  A yak (D:6)
  A sky beast (D:5)
  An ice beast (D:6)
  A phantom (D:5)
  2 bullfrogs (Sewer)
  A scorpion (D:4)
  4 hounds
  Terence (D:3)
  An iguana (D:4)
  An orc wizard (D:5)
  Robin (D:3)
  4 gnolls (D:4)
  6 adders
  A shadow imp (D:5)
  2 white imps
  A worm (D:3)
  3 dart slugs
  3 orcs (D:5)
  8 ball pythons
  2 bats
  3 endoplasms
  15 giant cockroaches
  16 goblins
  4 hobgoblins
  10 jackals
  9 quokkas
  7 frilled lizards
  4 kobolds
  6 rats
120 creatures vanquished.

Notes
Turn   | Place    | Note
-------+----------+-------------------------------------------
     0 | D:1      | qw the Gargoyle Hunter began the quest for the Orb.
     0 | D:1      | Reached XP level 1. HP: 12/12 MP: 1/1
     0 | D:1      | 0 ||| qw: Version: 0.3-a-74-g0d5e918
     0 | D:1      | 0 ||| qw: Game counter: 105
     0 | D:1      | 0 ||| qw: Melee chars always use a shield: true
     0 | D:1      | 0 ||| qw: God list: Okawaru
     0 | D:1      | 0 ||| qw: Allow faded altars: false
     0 | D:1      | 0 ||| qw: Do Orc after clearing Dungeon:15 true
     0 | D:1      | 0 ||| qw: Do second Lair branch before Depths: true
     0 | D:1      | 0 ||| qw: Lair rune preference: random
     0 | D:1      | 0 ||| qw: Goals: Normal
     0 | D:1      | 0 ||| PLANNING D:1-11
   345 | D:1      | Reached XP level 2. HP: 16/17 MP: 2/2
   809 | D:1      | 809 ||| UPGRADING to +0 ring mail.
   819 | D:1      | 819 ||| DROPPING +0 leather armour.
   820 | D:1      | 820 ||| UPGRADING to amulet of regeneration.
   825 | D:1      | 825 ||| READING 2 scrolls labelled QUPEKI WIDUSTRI.
   826 | D:1      | 826 ||| DROPPING scroll of fear.
   827 | D:1      | 827 ||| DROPPING scroll of butterflies.
   912 | D:2      | Reached XP level 3. HP: 21/21 MP: 3/3
   950 | D:2      | Reached skill level 1 in Armour
  1410 | D:2      | 1410 ||| UPGRADING to ring of willpower.
  1411 | D:2      | 1411 ||| READING 3 scrolls labelled TUD ATOLOSA.
  1416 | D:2      | 1416 ||| READING scroll labelled ZOWKAYTAXE.
  1417 | D:2      | 1417 ||| READING scroll labelled WOILAFAOTO.
  1418 | D:2      | 1418 ||| DRINKING 3 lumpy blue potions.
  1435 | D:3      | 1435 ||| PLANNING SEWER
  1446 | D:3      | 1446 ||| STAIRDANCE
  1482 | D:3      | Noticed Terence
  1515 | D:3      | Killed Terence
  1516 | D:3      | Reached skill level 5 in Ranged Weapons
  1516 | D:3      | Reached XP level 4. HP: 24/26 MP: 4/4
  1554 | D:3      | Noticed Grinder
  1554 | D:3      | Paralysed by Grinder for 4 turns
  1560 | D:3      | Paralysed by Grinder for 2 turns
  1586 | D:3      | Killed Grinder
  1587 | D:3      | Reached XP level 5. HP: 29/35 MP: 5/5
  1587 | D:3      | Reached XP level 6. HP: 33/40 MP: 6/6
  1608 | D:3      | Found a glowing golden altar of the Shining One.
  1616 | D:3      | Found a stormy altar of Qazlal.
  1661 | D:3      | Noticed Robin
  1681 | D:3      | HP: 10/40 [goblin/+2 dagger of venom[Robin] (4)]
  1682 | D:3      | 1682 ||| READING 3 scrolls of teleportation.
  1685 | D:3      | HP: 4/40 [goblin/+0 club[Robin] (4)]
  1777 | D:3      | Killed Robin
  1883 | D:3      | 1883 ||| Stepping ~*~*~tactically~*~*~ (water).
  1885 | D:3      | 1885 ||| Stepping ~*~*~tactically~*~*~ (water).
  1887 | D:3      | 1887 ||| Stepping ~*~*~tactically~*~*~ (water).
  1889 | D:3      | 1889 ||| Stepping ~*~*~tactically~*~*~ (water).
  1895 | D:3      | 1895 ||| Stepping ~*~*~tactically~*~*~ (water).
  1903 | D:3      | 1903 ||| Stepping ~*~*~tactically~*~*~ (water).
  1909 | D:3      | Found a glowing drain.
  1927 | D:3      | 1927 ||| UPGRADING to +2 helmet.
  1932 | D:3      | 1932 ||| READING scroll labelled FYALLU HUOS VUSO.
  1933 | D:3      | 1933 ||| READING 2 scrolls of identify.
  1933 | D:3      | 1933 ||| IDENTIFYING emerald potion
  1934 | D:3      | 1934 ||| DROPPING potion of brilliance.
  1937 | D:3      | 1937 ||| Stepping ~*~*~tactically~*~*~ (water).
  1939 | D:3      | 1939 ||| Stepping ~*~*~tactically~*~*~ (water).
  1941 | D:3      | 1941 ||| Stepping ~*~*~tactically~*~*~ (water).
  1943 | D:3      | 1943 ||| Stepping ~*~*~tactically~*~*~ (water).
  1945 | D:3      | 1945 ||| Stepping ~*~*~tactically~*~*~ (water).
  1951 | D:3      | 1951 ||| Stepping ~*~*~tactically~*~*~ (water).
  1957 | Sewer    | Entered a sewer
  1967 | Sewer    | 1967 ||| Stepping ~*~*~tactically~*~*~ (water).
  1981 | Sewer    | 1981 ||| Stepping ~*~*~tactically~*~*~ (water).
  1983 | Sewer    | 1983 ||| Stepping ~*~*~tactically~*~*~ (water).
  1985 | Sewer    | 1985 ||| Stepping ~*~*~tactically~*~*~ (water).
  2130 | Sewer    | 2130 ||| Stepping ~*~*~tactically~*~*~ (water).
  2143 | Sewer    | Reached skill level 6 in Ranged Weapons
  2151 | Sewer    | Reached XP level 7. HP: 44/44 MP: 7/7
  2184 | Sewer    | Identified the ring "Voinocri" {rCorr Slay+4}
  2380 | Sewer    | 2380 ||| DROPPING amulet of the acrobat.
  2381 | Sewer    | 2381 ||| UPGRADING to ring "Voinocri" {rCorr Slay+4}.
  2382 | Sewer    | 2382 ||| READING 2 scrolls of identify.
  2382 | Sewer    | 2382 ||| IDENTIFYING bubbling silvery potion
  2402 | D:3      | 2402 ||| PLANNING D:1-11
  2412 | D:3      | 2412 ||| Stepping ~*~*~tactically~*~*~ (water).
  2450 | D:3      | Found a runed translucent door.
  2451 | D:3      | Noticed Crazy Yiuf
  2514 | D:4      | Found a staircase to the Ecumenical Temple.
  2515 | D:4      | 2515 ||| PLANNING TEMPLE
  2515 | D:4      | 2515 ||| READING scroll labelled EWIDOA FUAD.
  2624 | Temple   | Entered the Ecumenical Temple
  2625 | Temple   | 2625 ||| PLANNING D:1-11
  2663 | D:4      | Reached skill level 7 in Ranged Weapons
  2690 | D:4      | Identified the +4 quarterstaff of Ahuadd {venom, Dex+3}
  3316 | D:4      | 3316 ||| DROPPING +2 helmet.
  3317 | D:4      | 3317 ||| READING scroll labelled SAH ZECKUDOAHA.
  3318 | D:4      | 3318 ||| READING scroll labelled EPAASSIE HYTU.
  3319 | D:4      | 3319 ||| READING 2 scrolls of identify.
  3319 | D:4      | 3319 ||| IDENTIFYING sedimented black potion
  3320 | D:4      | 3320 ||| DROPPING potion of degeneration.
  3350 | D:5      | Entered Level 5 of the Dungeon
  3381 | D:5      | Found Xurehuoqa's Assorted Antiques.
  3389 | D:5      | 3389 ||| BUYING lumpy green potion (22 gold).
  3389 | D:5      | Bought a lumpy green potion for 22 gold pieces
  3389 | D:5      | 3389 ||| BUYING scroll labelled VUMMAE TAMUEKONLY (25
                  | gold).
  3389 | D:5      | Bought a scroll labelled VUMMAE TAMUEKONLY for 25 gold
                  | pieces
  3389 | D:5      | 3389 ||| SHOPLISTING smoking cloak (237 gold, have 186).
  3691 | D:5      | Reached skill level 8 in Ranged Weapons
  3962 | D:5      | Reached XP level 8. HP: 50/50 MP: 8/8
  3984 | D:5      | 3984 ||| UPGRADING to +2 pair of boots.
  3989 | D:5      | 3989 ||| READING scroll labelled VUMMAE TAMUEKONLY.
  3990 | D:5      | 3990 ||| READING scroll labelled OBISHR GAFISOX.
  3991 | D:5      | 3991 ||| READING 2 scrolls of identify.
  3991 | D:5      | 3991 ||| IDENTIFYING lumpy green potion
  3992 | D:5      | 3992 ||| DROPPING potion of lignification.
  4036 | D:6      | 4036 ||| STAIRDANCE
  4036 | D:6      | Noticed a gargoyle
  4053 | D:6      | 4053 ||| STAIRDANCE
  4067 | D:6      | 4067 ||| STAIRDANCE
  4077 | D:6      | 4077 ||| STAIRDANCE
  4102 | D:6      | Noticed a yak
  4103 | D:6      | 4103 ||| RETREATING.
  4106 | D:6      | 4106 ||| Stepping ~*~*~tactically~*~*~ (retreating).
  4107 | D:6      | 4107 ||| Stepping ~*~*~tactically~*~*~ (retreating).
  4112 | D:6      | Killed a yak
  4113 | D:6      | Reached skill level 9 in Ranged Weapons
  4117 | D:6      | Slain by a gargoyle

Levels and vault maps discovered:
D:1:      minmay_arrival_split_and_join, layout_basic
D:2:      layout_basic
D:3:      layout_rooms, grunt_temple_overflow_open, gup_sewer_entry_pipe,
          uniq_crazy_yiuf_cottage, uniq_terence, uniq_grinder, uniq_robin
D:4:      layout_loops_ring, temple_hall, serial_forest,
          infiniplex_forest_clump_small, infiniplex_forest_lined_corner,
          infiniplex_forest_zigzag_1, infiniplex_forest_zigzag_1,
          infiniplex_forest_lined_2
D:5:      layout_loops_ring, serial_shops, shop
D:6:      layout_basic, minmay_manual_mail
Temple:   jpeg_temple_clearing

Skill      XL: |  1  2  3  4  5  6  7  8 |
---------------+-------------------------+-----
Armour         | 1 2 |  2.0
Ranged Weapons | 5 6 8 9 |  9.0
Fighting       | 5 |  5.5
Dodging        | 2 |  2.7
Stealth        | |  1.1

Action                     |  1- 3 |  4- 6 |  7- 9 || total
---------------------------+-------+-------+-------++-------
   Fire: Shortbow          |   125 |   181 |   167 ||   473
    Use: Scroll            |     4 |     3 |     8 ||    15
         Potion            |     1 |       |       ||     1
 Armour: Leather armour    |    10 |       |       ||    10
         Ring mail         |    15 |    77 |    54 ||   146
  Dodge: Dodged            |    42 |    97 |    59 ||   198

Table legend:
 A = Non-vault XP
 B = Vault XP
 C = Vault XP percentage of total XP
 D = Non-vault monster count
 E = Vault monster count
 F = Vault count percentage of total count
                 A         B        C        D         E       F
            +---------+---------+-------+---------+---------+-------
      Total |     743 |    1016 |  57.8 |      70 |      50 |  41.7
            +---------+---------+-------+---------+---------+-------
        D:1 |      27 |       0 |   0.0 |      14 |       0 |   0.0
        D:2 |      26 |       0 |   0.0 |       9 |       0 |   0.0
        D:3 |      30 |     369 |  92.5 |      14 |      24 |  63.2
        D:4 |     253 |       0 |   0.0 |      22 |       0 |   0.0
        D:5 |     397 |      65 |  14.1 |      10 |       3 |  23.1
        D:6 |      10 |     346 |  97.2 |       1 |       2 |  66.7
      Sewer |       0 |     236 | 100.0 |       0 |      21 | 100.0
            +---------+---------+-------+---------+---------+-------
